Map: Ruins of Endion

Players

blackxored

  • Race: Zerg Zerg
  • League: Diamond

Frank - Winner!

  • Race: Terran Terran

VOD

Have the link to the VOD?

Description

Time

  • Played on: July 1, 2016, 5:59 p.m.
  • Length: 5:57
Show
View Real Time Build Order
Export as new Build Order

blackxored Zerg 

Build Orders: Hatch First 

Get SALT Encoding   

  12  0:01  Drone  
  13  0:08  Drone  
  14  0:17  Overlord  
  14  0:23  Extractor  
  14  0:24  Drone  
  15  0:39  Drone x2  
  17  0:54  Hatchery  
  16  0:58  Drone  
  16  1:01  Drone  
  18  1:19  Spawning Pool  
  18  1:20  Extractor  
  16  1:29  Drone x3  
  19  1:40  Overlord  
  19  1:59  Drone  
  20  2:05  Queen  
  20  2:07  Queen  
  20  2:08  Zergling x4  
  26  2:13  Zergling x2  
  27  2:21  Metabolic Boost  
  27  2:35  Hatchery  
  26  2:38  Zergling x2  
  26  2:41  Zergling x2  
  26  2:43  Zergling x2  
  29  2:50  Overlord  
  29  2:56  Drone x2  
  31  3:05  Zergling x2  
  31  3:06  Zergling x4  
  31  3:12  Drone  
  35  3:22  Queen  
  37  3:27  Queen  
  37  3:32  Zergling x2  
  37  3:33  Zergling x2  
  41  3:35  Zergling x2  
  41  3:38  Zergling x2  
  43  3:51  Drone  
  43  3:52  Drone x4  
  48  3:58  Pneumatized Carapace  
  48  4:04  Drone  
  48  4:05  Drone  
  48  4:09  Overlord  
  50  4:29  Queen x2  
  54  4:31  Overlord  
  47  4:46  Zergling x4  
  47  4:47  Zergling x16  
  52  5:02  Zergling x2  
  52  5:03  Zergling x10  
  46  5:22  Zergling x12  
  46  5:27  Zergling x2  
  46  5:28  Zergling x2  
  44  5:33  Zergling x2  
Show
View Real Time Build Order
Export as new Build Order

Frank Terran - Winner!

Build Orders: Hellion Opening 

Get SALT Encoding   

  12  0:02  SCV  
  13  0:14  SCV  
  14  0:22  Supply Depot  
  14  0:28  SCV  
  15  0:37  Refinery  
  15  0:44  SCV  
  16  0:50  Barracks  
  16  0:56  SCV  
  17  1:08  SCV  
  18  1:35  SCV  
  19  1:50  Factory  
  19  1:53  Supply Depot  
  19  1:59  Orbital Command  
  19  2:03  Barracks Reactor  
  19  2:06  Refinery  
  19  2:32  SCV  
  20  2:39  Armory  
  20  2:46  SCV  
  20  2:50  Marine  
  26  2:51  Hellion x2  
  26  2:56  Starport  
  27  2:58  SCV  
  27  3:02  Supply Depot  
  31  3:12  Hellion  
  31  3:13  Hellion  
  31  3:30  Supply Depot  
  31  3:33  Medivac  
  37  3:34  Hellion x2  
  37  3:44  SCV  
  38  3:52  Supply Depot  
  38  3:55  Hellion  
  40  3:56  SCV  
  40  4:02  Hellion  
  43  4:17  Hellion  
  45  4:21  Supply Depot  
  45  4:24  Hellion  
  47  4:38  Hellion  
  49  4:45  Hellion  
  49  5:06  Hellion x2  
  49  5:27  Hellion  
  49  5:28  Hellion  
  51  5:35  Command Center  
Tags
 
Add a new tag
Caveats
  • Supply blocks, unpowered buildings, or Contaminate may cause inaccurate times.
  • Supply counts are checked every 10 seconds.